 Dungeon Crawl Stone Soup version 0.23-a0-516-g0f8c245 (webtiles) character file.

2352 tilp the Grappler (level 9, 0/70 HPs)
             Began as a Troll Chaos Knight on Dec 5, 2018.
             Was a Plaything of Xom.
             Slain by an orc warrior
             ... wielding a +0 glaive of protection
              (19 damage)
             ... on level 6 of the Dungeon.
             The game lasted 00:17:46 (4170 turns).

tilp the Grappler (Troll Chaos Knight)              Turns: 4170, Time: 00:17:47

Health: 0/70       AC: 10    Str: 23    XL:     9   Next: 20%
Magic:  11/11      EV: 10    Int:  8    God:    Xom [....*.]
Gold:   242        SH:  0    Dex:  9    Spells: 8/8 levels left

rFire    . . .     SeeInvis .     - Unarmed
rCold    . . .     Gourm    +   (no shield)
rNeg     . . .     Faith    .   a - +2 robe
rPois    +         Spirit   .   (helmet restricted)
rElec    .         Reflect  .   y - +2 cloak
rCorr    .         Harm     .   (gloves unavailable)
MR       +....     Rnd*Rage +   (boots unavailable)
Stlth    +.........             (no amulet)
HPRegen  0.61/turn              w - ring of poison resistance
MPRegen  0.12/turn              (no ring)

@: no status effects
A: large, unfitting armour, claws 3, berserk 1, fast metabolism 3, frail 2,
gourmand, magic resistance 1, regeneration 1, shaggy fur 1, tough skin 2, weak 1
a: Renounce Religion


You were on level 6 of the Dungeon.
You worshipped Xom.
You were a beloved toy of Xom.
You were completely stuffed.

You visited 1 branch of the dungeon, and saw 6 of its levels.

You collected 242 gold pieces.

Inventory:

Hand Weapons
 o - the +6 war axe of Grandeur {pain, rElec rPois rN+}
   (You found it on level 4 of the Dungeon)

   In the hands of one skilled in necromantic magic, it inflicts extra damage on
   living creatures.
   It insulates you from electricity.
   It protects you from poison.
   It protects you from negative energy.
Missiles
 e - 138 stones (quivered)
 i - 2 needles of paralysis
 q - 53 sling bullets
 C - 6 tomahawks
Armour
 a - a +2 robe (worn)
 p - a scarf of resistance
 y - a +2 cloak (worn)
Jewellery
 g - an uncursed ring of positive energy
 w - a ring of poison resistance (left claw)
Wands
 s - a wand of paralysis (7)
 A - a wand of enslavement (11)
 D - a wand of flame (13)
Scrolls
 d - 3 scrolls of remove curse
 f - a scroll of blinking {unknown}
 k - a scroll of random uselessness {unknown}
 l - a scroll of teleportation {unknown}
 t - 3 scrolls of enchant weapon {unknown}
 v - a scroll of amnesia {unknown}
 x - a scroll of magic mapping {unknown}
 E - a scroll of immolation {unknown}
Potions
 c - a potion of magic {unknown}
 h - 4 potions of curing
 j - a potion of berserk rage
 m - a potion of lignification
 n - 3 potions of heal wounds
 r - a potion of mutation {unknown}
 u - a potion of flight
 z - a potion of agility {unknown}
Comestibles
 b - 10 rations
 B - 2 chunks of flesh


   Skills:
 - Level 5.0 Fighting
 - Level 3.0 Dodging
 + Level 9.8 Unarmed Combat
 - Level 4.0 Evocations


You had 8 spell levels left.
You didn't know any spells.
Your spell library contained the following spells:

 Spells                   Type           Power        Failure   Level  Hunger
 Animate Skeleton         Necr           N/A          41%         1    ##.....
 Apportation              Tloc           #.....       41%         1    ##.....
 Confusing Touch          Hex            #.....       41%         1    ##.....
 Summon Small Mammal      Summ           #...         41%         1    ##.....


Dungeon Overview and Level Annotations

Branches:
Dungeon (6/15)
 Temple: D:4-7

Altars:
Elyvilon
Gozag
Okawaru
Vehumet
Yredelemnul

Shops:
D:5 =


Innate Abilities, Weirdness & Mutations

You are too large for most types of armour.
You have claws for hands.
Your metabolism is lightning-fast.
You like to eat raw meat.
Your natural rate of healing is unusually fast.
You are covered in fur. (AC +1)
You have very tough skin. (AC +2)
You tend to lose your temper in combat.
You are very frail. (-20% HP)
You are resistant to hostile enchantments. (MR+)
You are weak. (Str -2)


Message History

The orc warrior drinks a potion.
The orc warrior goes berserk!
Xom thinks this is hilarious!
The orc warrior closely misses you.
You see here 13 gold pieces.
You scratch the orc warrior.
The orc warrior is lightly wounded.
The orc warrior hits you with a +0 glaive of protection!!
The orc priest calls down the wrath of Beogh upon you.
Beogh smites you!
You scratch the orc warrior but do no damage.
The orc warrior is lightly wounded.
The orc warrior barely misses you.
You barely miss the orc warrior.
The orc warrior is lightly wounded.
The orc warrior barely misses you.
The orc priest mumbles some strange prayers to Beogh against you.
Beogh smites you!
The orc warrior hits you with a +0 glaive of protection!!
You die...
Xom laughs nastily!

.....≈≈≈≈≈≈#
#..≈..≈≈
..≈≈≈≈..≈.#
≈≈≈≈≈≈≈≈ ≈≈≈..W
#.# ≈≈≈≈≈≈≈≈
######≈.## #o#
#.≈≈.≈.≈
#........##.#.#
####....
####)####...##.#o#
####.
......÷..#..##.#.#
#########.
..##.###.#..#..#o#
#.......'.
..##.....#..#..#@#
#.#######.
..#########....#.#
#.### #. ..+
........#.#
###...###### ..#
#......#
#≈≈≈≈≈≈≈≈# ..#
#.#..###
###...#### ..#
#..# #......# ###
#.÷#######......#
#..#....##......#
#..#....##......#


You could see an orc warrior (berserk), an orc priest and an orc.

Vanquished Creatures
  Eustachio (D:6)
  3 ice beasts
  A sky beast (D:4)
  A black bear (D:2)
  6 ogres
  Blork the orc (D:4)
  A scorpion (D:6)
  4 howler monkeys
  2 crimson imps
  A quasit (D:4)
  5 hounds
  An orc priest (D:5)
  A jelly (D:5)
  Jessica (D:2)
  A centaur skeleton (D:4)
  2 iguanas
  Ijyb (D:5)
  Natasha (thrice) (D:2)
  2 worker ants
  6 orc wizards
  A hound zombie (D:6)
  A hound skeleton (D:4)
  6 adders
  2 shadow imps
  An ooze (D:3)
  2 adder skeletons
  3 worms (D:2)
  2 dart slugs (D:2)
  5 leopard geckos
  13 orcs
  3 ball pythons
  2 giant cockroaches (D:2)
  17 goblins
  9 hobgoblins
  5 jackals (D:4)
  3 quokkas
  9 bats
  8 frilled lizards
  A jackal zombie (D:5)
  5 kobolds
  A leopard gecko zombie (D:5)
  23 rats
166 creatures vanquished.

Vanquished Creatures (others)
  A jackal (D:4)
1 creature vanquished.

Grand Total: 167 creatures vanquished

Notes
Turn   | Place    | Note
-------+----------+-------------------------------------------
     0 | D:1      | tilp the Troll Chaos Knight began the quest for the Orb.
     0 | D:1      | Reached XP level 1. HP: 22/22 MP: 0/0
   242 | D:1      | Reached XP level 2. HP: 29/29 MP: 1/1
   440 | D:1      | XOM: harmless Conj miscast
   486 | D:1      | XOM: harmless Pois miscast
   622 | D:2      | Reached skill level 4 in Unarmed Combat
   625 | D:2      | Noticed a black bear
   627 | D:2      | Noticed Jessica
   638 | D:2      | Reached XP level 3. HP: 28/36 MP: 2/2
   645 | D:2      | Killed a black bear
   645 | D:2      | Reached skill level 5 in Unarmed Combat
   645 | D:2      | Reached XP level 4. HP: 27/44 MP: 3/3
   656 | D:2      | Killed Jessica
   656 | D:2      | Reached XP level 5. HP: 28/50 MP: 4/4
   691 | D:2      | XOM: give mutations
   691 | D:2      | Gained mutation: Your flesh is heat resistant. (rF+) [Xom's
                  | mischief]
   691 | D:2      | Lost mutation: Your flesh is heat resistant. (rF+) [Xom's
                  | mischief]
   691 | D:2      | Gained mutation: You are resistant to hostile enchantments.
                  | (MR+) [Xom's mischief]
   788 | D:2      | Reached skill level 6 in Unarmed Combat
   801 | D:2      | Noticed Natasha
   805 | D:2      | XOM: chaos cloud
   808 | D:2      | Killed Natasha
   887 | D:2      | Noticed Natasha
   890 | D:2      | XOM: confusion (+ monsters)
   895 | D:2      | XOM: enchant monster (bad)
   917 | D:2      | Killed Natasha
   982 | D:2      | Noticed Natasha
   986 | D:2      | Killed Natasha
  1135 | D:2      | Found a basalt altar of Yredelemnul.
  1210 | D:2      | XOM: draining
  1271 | D:3      | Reached XP level 6. HP: 59/59 MP: 5/5
  1316 | D:3      | Reached skill level 7 in Unarmed Combat
  1354 | D:3      | Found an opulent altar of Gozag.
  1501 | D:3      | XOM: harmless Chrm miscast
  1877 | D:3      | XOM: harmless Hex miscast
  2206 | D:4      | Reached skill level 8 in Unarmed Combat
  2206 | D:4      | Reached XP level 7. HP: 64/66 MP: 6/6
  2224 | D:4      | Found a white marble altar of Elyvilon.
  2254 | D:4      | Got a crystal war axe
  2282 | D:4      | Noticed Blork the orc
  2291 | D:4      | Killed Blork the orc
  2379 | D:4      | XOM: repel stairs
  2402 | D:4      | Reached skill level 1 in Evocations
  2470 | D:4      | XOM: swap monsters
  2471 | D:4      | XOM: summons friendly iron imp
  2507 | D:4      | XOM: give mutations
  2507 | D:4      | Gained mutation: You are frail. (-10% HP) [Xom's mischief]
  2507 | D:4      | Gained mutation: You tend to lose your temper in combat.
                  | [Xom's mischief]
  2507 | D:4      | Gained mutation: You are weak. (Str -2) [Xom's mischief]
  2507 | D:4      | Gained mutation: You are very frail. (-20% HP) [Xom's
                  | mischief]
  2549 | D:4      | Reached XP level 8. HP: 60/60 MP: 8/8
  3097 | D:5      | Entered Level 5 of the Dungeon
  3105 | D:5      | Noticed Ijyb
  3107 | D:5      | XOM: smoke on damage
  3112 | D:4      | XOM: noise
  3116 | D:4      | XOM: enchant monster (good)
  3436 | D:5      | Reached skill level 9 in Unarmed Combat
  3441 | D:5      | XOM: smoke on damage
  3446 | D:5      | Found Azutuxt's Jewellery Boutique.
  3450 | D:5      | Killed Ijyb
  3454 | D:5      | XOM: potion effect (berserk rage)
  3499 | D:5      | Found an iron altar of Okawaru.
  3506 | D:5      | XOM: swap monsters
  3663 | D:5      | XOM: harmless Summ miscast
  3760 | D:6      | Identified the +6 war axe of Grandeur {pain, rElec rPois
                  | rN+} (You found it on level 4 of the Dungeon)
  3799 | D:6      | XOM: noise
  3896 | D:6      | XOM: chaos upgrade
  3903 | D:6      | Reached XP level 9. HP: 56/69 MP: 10/10
  3949 | D:6      | Found a radiant altar of Vehumet.
  3992 | D:6      | Reached skill level 5 in Fighting
  3994 | D:6      | XOM: enchant monster (bad)
  4035 | D:6      | Noticed Eustachio
  4042 | D:6      | XOM: cast spell 'Statue Form'
  4048 | D:6      | Killed Eustachio
  4170 | D:6      | Slain by an orc warrior

Vault maps used:
D:1:      minmay_arrival_four_circles
D:2:      lemuel_doored_altar, first_ration, uniq_natasha, uniq_jessica
D:3:      kennysheep_the_goblin_king, lemuel_round_altar
D:4:      elyvilon_altar_4, minmay_rat_hole, uniq_blork_the_orc, uniq_ijyb
D:5:      basic_altar, serial_shops, shop, serial_glass, glass_columns_a,
          glass_columns_a, glass_columns_a, glass_columns_b, glass_columns_a,
          glass_columns_a, glass_columns_b, glass_columns_a, glass_columns_c,
          glass_columns_a, glass_columns_b, glass_columns_a, glass_columns_a,
          glass_columns_b, feat_on_display, feat_on_display
D:6:      basic_altar, serial_rivers, chequers_serial_rivers_micro_e,
          chequers_serial_rivers_small_a, chequers_serial_rivers_small_b,
          chequers_serial_rivers_micro_a, chequers_serial_rivers_small_b,
          chequers_serial_rivers_small_3, uniq_eustachio

Skill      XL: |  1  2  3  4  5  6  7  8  9 |
---------------+----------------------------+-----
Unarmed Combat | 4 5 6 8 9 |  9.8
Dodging        | 2 3 |  3.0
Evocations     | 1 3 4 |  4.0
Fighting       | 3 4 5 |  5.0

Action                   |  1- 3 |  4- 6 |  7- 9 || total
-------------------------+-------+-------+-------++-------
Melee: Unarmed           |    57 |   193 |   279 ||   529
       Punch             |     1 |     2 |     6 ||     9
Throw: Stone             |       |     2 |     1 ||     3
  Use: Potion            |       |     1 |       ||     1
       Scroll            |       |       |     7 ||     7
 Stab: Confused          |       |       |     2 ||     2
       Distracted        |       |       |     1 ||     1
  Eat: Chunk             |     7 |    19 |    19 ||    45
Armor: Robe              |    41 |    95 |   158 ||   294
       Skin              |       |       |    11 ||    11
Dodge: Dodged            |    50 |   117 |   200 ||   367

Table legend:
 A = Non-vault XP
 B = Vault XP
 C = Vault XP percentage of total XP
 D = Non-vault monster count
 E = Vault monster count
 F = Vault count percentage of total count
                 A         B        C        D         E       F
            +---------+---------+-------+---------+---------+-------
      Total |    2928 |     433 |  12.9 |     135 |      31 |  18.7
            +---------+---------+-------+---------+---------+-------
        D:1 |      15 |       0 |   0.0 |      11 |       0 |   0.0
        D:2 |     269 |      72 |  21.1 |      32 |       2 |   5.9
        D:3 |     203 |      12 |   5.6 |      27 |       7 |  20.6
        D:4 |    1068 |     116 |   9.8 |      30 |      20 |  40.0
        D:5 |     855 |      36 |   4.0 |      22 |       1 |   4.3
        D:6 |     518 |     197 |  27.6 |      13 |       1 |   7.1
            +---------+---------+-------+---------+---------+-------
